Map: Incorporeal LE

Players

SubN

  • Race: Zerg Zerg
  • League: Master
  • Spawn Location: 5:00

Turtle - Winner!

  • Race: Terran Terran
  • League: Diamond
  • Spawn Location: 11:00

VOD

Have the link to the VOD?

Description

Time

  • Played on: July 13, 2025, 5:35 p.m.
  • Length: 10:25
Show
View Real Time Build Order
Export as new Build Order

SubN Zerg 

Build Orders: Pool First 

Get SALT Encoding   

  12  0:00  Drone  
  13  0:08  Drone  
  14  0:17  Extractor  
  13  0:30  Spawning Pool  
  12  0:55  Hatchery  
  11  1:16  Queen  
  13  1:35  Metabolic Boost  
  13  1:38  Overlord  
  13  1:44  Zergling x2  
  14  1:58  Zergling x4  
  16  2:03  Zergling x2  
  17  2:10  Queen  
  19  2:16  Zergling x2  
  19  2:21  Zergling x2  
  21  2:25  Zergling x2  
  22  2:30  Zergling x2  
  22  2:36  Zergling x2  
  24  2:38  Zergling x2  
  24  2:44  Zergling x2  
  26  2:54  Zergling x4  
  27  3:13  Overlord  
  23  3:31  Zergling x6  
  25  3:42  Overlord  
  25  3:43  Overlord  
  25  3:48  Drone x2  
  27  4:11  Drone x5  
  27  4:12  Drone  
  33  4:17  Drone  
  33  4:19  Drone  
  34  4:33  Queen  
  36  4:43  Drone  
  36  4:45  Drone, Roach Warren  
  38  4:49  Drone  
  38  4:50  Drone  
  39  4:53  Drone  
  39  4:56  Drone  
  41  5:05  Overlord  
  41  5:12  Extractor  
  41  5:14  Drone x3  
  43  5:22  Overlord  
  43  5:27  Lair  
  43  5:29  Drone x2  
  43  5:30  Drone  
  43  5:35  Drone x2  
  48  5:42  Spore Crawler  
  48  5:45  Spore Crawler  
  46  5:55  Drone x4  
  46  5:57  Spore Crawler  
  49  6:03  Baneling Nest  
  48  6:08  Drone x4  
  52  6:23  Drone x6  
  58  6:28  Extractor  
  58  6:29  Extractor  
  58  6:31  Overlord x2  
  56  6:40  Drone x3  
  56  6:45  Overlord  
  59  6:49  Centrifugal Hooks  
  55  7:15  Spore Crawler x2  
  52  7:17  Roach x8  
  52  7:21  Glial Reconstitution  
  68  7:27  Spore Crawler  
  67  7:30  Spore Crawler  
  66  7:41  Ravager x2  
  66  7:42  Ravager  
  69  7:45  Ravager  
  70  8:10  Hatchery  
  66  8:15  Drone x2  
  66  8:16  Drone  
  68  8:31  Hatchery  
  68  8:33  Lair  
  67  8:36  Drone  
  67  8:37  Drone x2  
  65  9:19  Drone x3  
  65  9:22  Queen  
  70  9:27  Roach x4  
  78  9:31  Queen  
  80  9:40  Overseer  
  80  9:42  Overseer  
  80  9:43  Overseer  
  80  9:45  Ravager x3  
  76  10:13  Hydralisk Den  
  77  10:18  Spore Crawler  
Show
View Real Time Build Order
Export as new Build Order

Turtle Terran - Winner!

Build Orders:  

Get SALT Encoding   

  12  0:00  SCV  
  13  0:12  SCV  
  14  0:17  Supply Depot  
  14  0:24  SCV  
  15  0:39  SCV  
  15  0:40  Barracks  
  16  0:44  Refinery  
  16  0:51  SCV  
  17  1:03  SCV  
  18  1:15  SCV  
  19  1:27  Barracks Reactor  
  19  1:28  Orbital Command  
  19  1:39  Command Center  
  19  1:48  Supply Depot  
  19  1:56  SCV  
  20  2:04  Marine x2  
  20  2:08  SCV  
  23  2:12  Factory  
  23  2:20  SCV  
  23  2:21  Refinery  
  23  2:22  Marine x2  
  26  2:32  SCV  
  27  2:39  Marine x2  
  29  2:44  SCV  
  30  2:52  Orbital Command  
  30  2:57  Supply Depot  
  32  3:01  Starport  
  30  3:10  Hellion x2  
  13  3:40  Hellion  
  15  4:08  Orbital Command  
  15  4:12  SCV  
  15  4:15  Hellion  
  18  4:22  Starport Tech Lab  
  18  4:25  SCV  
  19  4:32  Fusion Core  
  19  4:37  SCV  
  20  4:40  Hellion  
  22  4:46  SCV  
  23  4:55  SCV  
  23  4:58  SCV  
  25  5:02  Hellion  
  27  5:07  Armory  
  27  5:08  SCV  
  27  5:10  SCV  
  29  5:22  SCV x2  
  29  5:24  Hellion  
  33  5:32  Battlecruiser  
  39  5:38  Marine  
  40  5:43  SCV x2  
  40  5:48  Widow Mine  
  40  5:49  Widow Mine  
  46  6:00  Armory  
  46  6:30  Orbital Command  
  46  6:36  Supply Depot  
  46  6:37  Supply Depot  
  46  6:38  Supply Depot  
  46  6:39  Supply Depot  
  46  6:57  Marine  
  46  6:58  Battlecruiser, SCV  
  54  7:10  SCV  
  54  7:13  Widow Mine x2  
  59  7:16  SCV  
  60  7:30  SCV  
  60  7:31  SCV  
  62  7:42  SCV  
  62  7:43  SCV, Widow Mine x2  
  68  7:44  Barracks Tech Lab  
  68  7:51  Command Center  
  68  7:55  SCV x2  
  70  8:07  SCV, Widow Mine x2  
  75  8:22  Battlecruiser  
  75  8:26  Supply Depot  
  81  8:27  Supply Depot  
  81  8:29  Supply Depot  
  81  8:31  Supply Depot  
  81  8:33  Marine  
  82  8:43  Widow Mine x2  
  82  8:44  Bunker  
  82  8:48  SCV x2  
  88  9:00  SCV  
  83  9:16  SCV x2  
  86  9:20  Orbital Command  
  85  9:28  SCV x2  
  87  9:31  Refinery  
  87  9:32  Refinery  
  87  9:40  Barracks, SCV  
  87  9:42  Barracks x2  
  87  9:43  Barracks, Medivac  
  90  9:45  SCV  
  90  9:48  SCV  
  92  10:02  Marine  
  99  10:09  SCV x3  
Tags
 
Matchup
TvZ
Opening
Pool First
Replay Pack
Multiplayer
Spawn Locations
Cross Positions
Add a new tag
Caveats
  • Supply blocks, unpowered buildings, or Contaminate may cause inaccurate times.
  • Supply counts are checked every 10 seconds.